Map: Terrasses de Prion

Players

killer - Winner!

  • Race: Terran Terran
  • League: Diamond

Worming

  • Race: Zerg Zerg
  • League: Diamond

VOD

Have the link to the VOD?

Description

Time

  • Played on: Nov. 14, 2015, 2:51 p.m.
  • Length: 15:12
Show
View Real Time Build Order
Export as new Build Order

killer Terran - Winner!

Build Orders: 1/1/1, Liberator Opening 

Get SALT Encoding   

  12  0:01  SCV  
  13  0:13  SCV  
  14  0:17  Supply Depot  
  14  0:25  SCV  
  15  0:30  Refinery  
  15  0:39  SCV  
  16  0:45  Barracks  
  16  0:51  SCV  
  17  1:03  SCV  
  18  1:15  SCV  
  19  1:31  Orbital Command  
  19  1:36  Factory  
  19  1:41  Refinery  
  19  1:47  Supply Depot  
  19  1:50  Barracks Reactor  
  19  1:57  SCV  
  20  2:09  SCV  
  21  2:21  SCV  
  22  2:25  Starport  
  22  2:30  Hellion  
  22  2:31  Hellion  
  22  2:33  SCV  
  27  2:37  Barracks Reactor  
  27  2:46  Supply Depot  
  27  2:47  Supply Depot  
  27  2:52  Hellion x2  
  31  3:07  SCV  
  31  3:08  Liberator  
  31  3:09  Liberator  
  31  3:12  Supply Depot  
  32  3:17  Hellion x2  
  32  3:19  SCV  
  43  3:31  SCV  
  44  3:43  Hellion x2  
  44  3:47  Armory  
  48  4:00  Liberator  
  48  4:01  SCV  
  49  4:04  Hellion x2  
  53  4:18  Supply Depot  
  56  4:26  Hellion x2  
  60  4:47  Liberator  
  60  4:49  Hellion x2  
  47  5:07  SCV  
  47  5:10  Hellion  
  47  5:12  Hellion  
  52  5:20  SCV  
  53  5:23  Liberator  
  53  5:30  Liberator  
  53  5:40  Hellion x2  
  52  6:20  Hellion x2  
  56  6:30  Liberator x2  
  49  6:46  Hellion  
  49  6:47  Hellion  
  48  7:15  Liberator  
  46  7:22  Hellion x2  
  50  7:29  SCV  
  51  7:33  Liberator  
  54  7:38  Command Center  
  52  7:50  Hellion x2  
  57  8:03  Liberator  
  55  8:19  Liberator  
  55  8:20  Hellion x2  
  60  8:39  SCV  
  65  8:56  Orbital Command  
  64  9:07  SCV  
  48  9:53  Liberator x2  
  43  10:09  Hellion x2  
  47  10:15  Engineering Bay  
  47  10:20  Marine  
  47  10:21  Supply Depot x2  
  48  10:23  Supply Depot x3  
  48  10:26  Terran Vehicle Weapons Level 1  
  48  10:38  Marine  
  47  10:55  Missile Turret x2  
  47  10:56  Missile Turret  
  40  11:12  Orbital Command  
  40  11:44  Missile Turret  
  40  11:51  Hellion x2  
  40  11:52  Viking  
  46  11:55  SCV  
  47  12:19  Hellion  
  44  12:34  Starport Tech Lab  
  44  12:37  Refinery x2  
  44  12:41  Hellion, Command Center  
  44  12:43  Hellion, Missile Turret  
  48  12:45  Command Center, Missile Turret  
  48  12:50  SCV  
  49  13:02  SCV  
  50  13:08  Terran Vehicle And Ship Armor Level 1  
  50  13:15  Hellion x2  
  50  13:16  Banshee  
  57  13:23  SCV  
  58  14:04  Hellion x2  
  58  14:05  Orbital Command, Banshee  
  58  14:07  SCV  
Show
View Real Time Build Order
Export as new Build Order

Worming Zerg 

Build Orders: Hatch First 

Get SALT Encoding   

  12  0:01  Drone  
  13  0:12  Overlord  
  13  0:17  Drone  
  14  0:32  Drone x2  
  16  0:40  Drone  
  17  0:52  Hatchery  
  17  0:55  Drone  
  17  0:59  Drone  
  18  1:09  Extractor  
  18  1:10  Drone  
  18  1:16  Spawning Pool  
  17  1:20  Drone  
  18  1:33  Drone  
  18  1:38  Drone  
  20  1:49  Overlord  
  20  2:03  Queen  
  20  2:04  Queen  
  20  2:05  Zergling x4  
  26  2:13  Drone  
  26  2:15  Drone  
  28  2:20  Metabolic Boost  
  28  2:22  Drone  
  29  2:32  Drone  
  29  2:33  Overlord  
  30  2:41  Queen  
  32  2:59  Roach Warren  
  32  3:01  Drone x4  
  32  3:02  Spine Crawler  
  33  3:15  Drone x2  
  33  3:16  Zergling x4  
  33  3:17  Zergling x2  
  33  3:18  Overlord  
  38  3:39  Roach x6  
  50  3:47  Extractor  
  49  3:50  Overlord  
  49  3:51  Drone  
  49  3:52  Drone  
  49  3:53  Drone  
  52  3:57  Lair  
  51  4:14  Extractor  
  50  4:21  Roach  
  50  4:22  Roach x2  
  50  4:23  Overlord  
  55  4:37  Drone x2, Overlord  
  57  4:42  Queen  
  43  5:03  Drone x9  
  43  5:06  Glial Reconstitution  
  52  5:08  Ravager x2  
  52  5:10  Zergling x6  
  57  5:34  Roach  
  57  5:35  Roach x3  
  65  5:48  Roach  
  65  5:49  Roach x5  
  74  5:57  Overlord  
  74  5:58  Overlord  
  74  6:03  Queen  
  54  6:16  Queen  
  56  6:19  Ravager  
  56  6:20  Ravager x2  
  59  6:26  Roach x3  
  59  6:27  Roach x3  
  68  6:39  Queen  
  65  6:40  Roach  
  65  6:41  Roach x4  
  58  6:58  Queen  
  52  7:11  Roach x4  
  52  7:12  Hydralisk Den  
  52  7:15  Queen  
  59  7:22  Zergling x10  
  57  7:50  Hydralisk  
  57  8:07  Spire  
  31  8:20  Queen  
  31  8:22  Spore Crawler x3  
  28  8:39  Spore Crawler  
  27  8:56  Queen  
  28  9:25  Corruptor x2  
  28  9:26  Corruptor x3  
  21  9:48  Zergling x2, Roach x2  
  21  9:49  Zergling x6  
  29  10:01  Roach  
  29  10:25  Roach x2  
  31  11:13  Roach x2  
  31  11:48  Corruptor  
  25  12:58  Hatchery  
  24  13:20  Drone  
  23  14:04  Drone x3  
  26  14:36  Corruptor  
Tags
 
Add a new tag
Caveats
  • Supply blocks, unpowered buildings, or Contaminate may cause inaccurate times.
  • Supply counts are checked every 10 seconds.